 Dungeon Crawl Stone Soup version 0.22.1-6-g1668fe2c40 (webtiles) character file.

35 Gargoyl the Skirmisher (level 3, -5/31 HPs)
             Began as a Centaur Abyssal Knight on Jan 16, 2019.
             Was a Follower of Lugonu.
             Engulfed by a cloud of flame (17 damage)
             ... on level 1 of the Dungeon.
             The game lasted 00:01:55 (1142 turns).

Gargoyl the Skirmisher (Centaur Abyssal Knight)     Turns: 1142, Time: 00:01:56

Health: -5/31      AC:  9    Str: 14    XL:     3   Next: 16%
Magic:  4/4        EV:  2    Int: 19    God:    Lugonu [*.....]
Gold:   98         SH:  0    Dex:  9    Spells: 2/2 levels left

rFire    . . .     SeeInvis .   a - +1 hand axe
rCold    + . .     Gourm    .   (no shield)
rNeg     + . .     Faith    .   d - +1 plate armour
rPois    .         Spirit   .   (no helmet)
rElec    .         Reflect  .   (no cloak)
rCorr    .         Harm     .   (no gloves)
MR       .....                  (no barding)
Stlth    ..........             (no amulet)
HPRegen  0.10/turn              e - ring of Pyok {rC+ rN+ Int+8}
MPRegen  0.09/turn              (no ring)

@: very quick
A: large, hooves 3, deformed body, speed 2, tough skin 3
a: Depart the Abyss, Renounce Religion


You were on level 1 of the Dungeon.
You worshipped Lugonu.
Lugonu was aware of your devotion.
You were not hungry.

You visited 1 branch of the dungeon, and saw 1 of its levels.
You visited the Abyss 1 time.

You collected 98 gold pieces.

Inventory:

Hand Weapons
 a - a +1 hand axe (weapon)
Armour
 d - a +1 plate armour (worn)
Jewellery
 e - the ring of Pyok (left hand) {rC+ rN+ Int+8}
   (You found it on level 2 of the Abyss)

   [ring of positive energy]

   It affects your intelligence (+8).
   It protects you from cold.
   It protects you from negative energy.
Scrolls
 b - a scroll of magic mapping {unknown}
 f - a scroll of identify {unknown}
Comestibles
 c - 2 rations


   Skills:
 + Level 3.5 Fighting
 + Level 2.0 Axes
 * Level 1.7 Armour
 * Level 1.0 Dodging
 * Level 2.3 Invocations


You had 2 spell levels left.
You didn't know any spells.
Your spell library was empty.

Dungeon Overview and Level Annotations

Branches:
Dungeon (1/15)

Altars:


Innate Abilities, Weirdness & Mutations

You have hooves in place of feet.
Armour fits poorly on your strangely shaped body.
You cover ground very quickly.
You have extremely tough skin. (AC +3)


Message History

You closely miss the giant cockroach.
The giant cockroach bites you but does no damage.
You hit the giant cockroach but do no damage.
You kick the giant cockroach.
You kill the giant cockroach!
Lugonu accepts your kill.
You see here a stone.
Found a stone staircase leading down.
There is a stone staircase leading down here.
You see here a leather armour.
You see here a leather armour.
Partly explored, can't reach some places.
Partly explored, can't reach some places.
Really walk into a travel-excluded area?
Really walk into that cloud of flame?
You are engulfed in blazing flames.
You are engulfed in blazing flames.
You are engulfed in blazing flames.
Ouch! That really hurt!
You die...

#§.§# #..#.## #§§§#
#...... #§§§# #.##.##
######...#########.##.##
#.§§§..)$.§§§.>....##...
§§§..$..§§§..#########
§.$$$.§§§.##.....# #
#...#######.....# #
#§@§# #.....# # #§§§#
###.....# # #§§§#
#.......### #...##
##.##.#.... ####.#
#.##.#.### #.#
#.......## #.#
#.##......
#.#####.####)... ####
#.......##......


There were no monsters in sight!

Vanquished Creatures
  A leopard gecko (D:1)
  3 giant cockroaches (D:1)
  2 goblins (D:1)
  3 hobgoblins (D:1)
  8 jackals (D:1)
  3 bats (D:1)
  A frilled lizard (D:1)
  6 kobolds (D:1)
  3 rats (D:1)
30 creatures vanquished.

Vanquished Creatures (others)
  A hobgoblin (D:1)
1 creature vanquished.

Grand Total: 31 creatures vanquished

Notes
Turn   | Place    | Note
-------+----------+-------------------------------------------
     0 | Abyss:1  | Gargoyl the Centaur Abyssal Knight began the quest for the
                  | Orb.
     0 | Abyss:1  | Reached XP level 1. HP: 19/19 MP: 2/2
    16 | Abyss:2  | Got a scintillating copper ring
    19 | Abyss:2  | Identified the ring of Pyok {rC+ rN+ Int+8} (You found it
                  | on level 2 of the Abyss)
    44 | Abyss:2  | Noticed a large abomination
    78 | Abyss:2  | Noticed an ancient zyme
    82 | D:1      | Escaped the Abyss
   147 | D:1      | Reached XP level 2. HP: 26/26 MP: 3/3
   160 | D:1      | Reached * piety under Lugonu
   387 | D:1      | Reached skill level 1 in Dodging
   767 | D:1      | Reached XP level 3. HP: 30/31 MP: 4/4
  1142 | D:1      | Engulfed by a cloud of flame

Skill      XL: |  1  2 |
---------------+-------+-----
Dodging        | 1 |  1.0
Axes           | 2 |  2.0
Fighting       | |  3.5
Armour         | |  1.7
Invocations    | |  2.3

Action                   || total
-------------------------++-------
Melee: Hand axe          ||    69
       Kick              ||    11
Invok: Depart the Abyss  ||     1
  Use: Scroll            ||     2
Armor: Plate armour      ||    94
Dodge: Dodged            ||    13
